 Dungeon Crawl Stone Soup version 0.28-a0-1629-gf728b707aa (webtiles) character file.

Game seed: 1099779885596462265

109 issech the Cudgeller (level 4, -11/44 HPs)
             Began as a Troll Monk on Jan 25, 2022.
             Killed by divine providence
             ... invoked by an orc priest
              (13 damage)
             ... on level 3 of the Dungeon.
             The game lasted 00:06:03 (1681 turns).

issech the Cudgeller (Troll Monk)                   Turns: 1681, Time: 00:06:03

Health: -11/44     AC:  5    Str: 19    XL:     4   Next: 59%
Magic:  3/3        EV: 11    Int:  6    God:
Gold:   66         SH:  0    Dex: 14    Spells: 3/3 levels left

rFire   . . .      SeeInvis .   q - +0 flail (vorpal)
rCold   + . .      Faith    .   (no shield)
rNeg    . . .      Spirit   .   o - +1 robe {rC+}
rPois   .          Reflect  .   (helmet restricted)
rElec   .          Harm     .   (no cloak)
rCorr   .          Rampage  .   (gloves unavailable)
Will    .....                   (boots unavailable)
Stlth   ++........              (no amulet)
HPRegen 0.94/turn               (no ring)
MPRegen 0.08/turn               (no ring)

@: no status effects
A: large, unfitting armour, claws 3, regeneration 1, shaggy fur 1, tough skin 1
a: no special abilities


You were on level 3 of the Dungeon.
You visited 1 branch of the dungeon, and saw 3 of its levels.

You collected 66 gold pieces.

Inventory:

Hand Weapons
 a - a +0 mace
 d - a +0 hunting sling
 q - a +0 vorpal flail (weapon)
Missiles
 f - 35 arrows
 k - 17 stones (quivered)
Armour
 b - a +0 robe
 o - a +1 robe of cold resistance (worn)
Magical Staves
 e - a staff of conjuration
Wands
 r - a wand of iceblast (11)
Scrolls
 h - a scroll of magic mapping {unknown}
 i - a scroll of fear {unknown}
 j - a scroll of enchant armour {unknown}
 l - a scroll of brand weapon {unknown}
 m - a scroll of identify {unknown}
Potions
 c - a potion of cancellation {unknown}
 g - a potion of flight {unknown}
 n - a potion of brilliance {unknown}
 p - a potion of mutation {unknown}


   Skills:
 + Level 2.7 Fighting
 + Level 3.8 Maces & Flails
 + Level 3.3 Dodging
 + Level 1.2 Stealth


You had 3 spell levels left.
You didn't know any spells.
Your spell library was empty.

Dungeon Overview and Level Annotations

Branches:
Dungeon (3/15)

Altars:

Shops:
D:2 ?


Innate Abilities, Weirdness & Mutations

You are too large for most types of armour.
You have claws for hands.
Your natural rate of healing is unusually fast.
You are covered in fur. (AC +1)
You have tough skin. (AC +1)


Message History

The endoplasm quivers.
You sock the endoplasm!
You kill the endoplasm!
An orc priest and 3 orcs come into view.
The orc shouts!
The orc priest shouts!
The orc shouts! x2
You hear an angry hiss.
The orc hits you but does no damage. The orc hits you with a +0 mace.
You hit the orc.
The orc is moderately wounded.
The orc hits you with a +0 short sword. The orc closely misses you.
The orc priest calls upon Beogh to heal the orc.
The orc's wounds heal themselves!
You hit the orc.
You kill the orc!
The orc hits you but does no damage.
The orc priest mumbles some strange prayers to Beogh against you.
Beogh smites you! The orc closely misses you.
You closely miss the orc. The orc hits you with a +0 short sword.
The orc hits you but does no damage.
You barely miss the orc. The orc priest hits you with a +0 club.
The orc hits you with a +0 short sword. The orc priest barely misses you.
You hit the orc.
The orc is heavily wounded.
The orc hits you with a +0 short sword. The orc priest hits you with a +0 club.
You thump the orc!
You kill the orc!
The orc priest barely misses you. The orc priest closely misses you.
Things that are here:
a +0 short sword; a +0 leather armour The orc priest calls down the wrath of Beogh upon you.
Pain shoots through your body!
* * * LOW HITPOINT WARNING * * *
The orc priest calls down the wrath of Beogh upon you.
Beogh smites you!
* * * LOW HITPOINT WARNING * * *
The orc priest calls down the wrath of Beogh upon you.
Beogh smites you!
You die...

......)..#
########)#
#.# #o#
#o# #.#
#.# #.#
#@# #.#
#.# #.#
#.# #.#
#.#
b.#.##.#
#.#.##.#


You could see an orc priest and an orc.

Vanquished Creatures
  An orc priest (D:3)
  An adder (D:2)
  A worm (D:2)
  11 orcs
  4 ball pythons
  4 endoplasms
  A giant cockroach (D:1)
  3 hobgoblins (D:2)
  3 quokkas
  5 bats
  2 frilled lizards (D:2)
  4 goblins (D:1)
  6 kobolds
  8 rats
54 creatures vanquished.

Notes
Turn   | Place    | Note
-------+----------+-------------------------------------------
     0 | D:1      | issech the Troll Monk began the quest for the Orb.
     0 | D:1      | Reached XP level 1. HP: 22/22 MP: 0/0
   198 | D:1      | Reached XP level 2. HP: 29/29 MP: 1/1
   639 | D:2      | Found Puskoij's Magic Scroll Shoppe.
   750 | D:2      | Reached XP level 3. HP: 31/36 MP: 2/2
  1476 | D:3      | Reached XP level 4. HP: 19/44 MP: 3/3
  1680 | D:3      | HP: 1/44 [orc priest/divine providence (12)]
  1681 | D:3      | Killed from afar by an orc priest

Illustrated notes

Levels and vault maps discovered:
D:1:      scummos_arrival_simple_fountains, layout_basic, minmay_pentomino_z2
D:2:      layout_basic, serial_shops, nicolae_shop_hallway_plus
D:3:      layout_basic

Skill      XL: |  1  2  3 |
---------------+----------+-----
Maces & Flails | 3 |  3.8
Dodging        | 3 |  3.3
Fighting       | |  2.7
Stealth        | |  1.2

Action                   |  1- 3 |  4- 6 || total
-------------------------+-------+-------++-------
Melee: Mace              |   155 |    33 ||   188
       Punch             |     1 |       ||     1
       Flail             |       |     7 ||     7
 Stab: Sleeping          |     1 |       ||     1
Armor: Robe              |    68 |    34 ||   102
Dodge: Dodged            |   120 |    50 ||   170

Table legend: (Time is in decaauts)
 A = Elapsed time spent in this place.
 B = Non-inter-level travel time spent in this place.
 C = Inter-level travel time spent in this place.
 D = Time resting spent in this place.
 E = Time spent auto-exploring this place.
 F = Levels seen in this place.
 G = Mean time per level.
                   A        B        C        D        E       F      G
               +--------+--------+--------+--------+--------+-----+--------+
         Total |   1731 |   1673 |     58 |     45 |    834 |   3 |  577.0 |
       Dungeon |   1731 |   1673 |     58 |     45 |    834 |   3 |  577.0 |
               +--------+--------+--------+--------+--------+-----+--------+

Top non-repeatable levels by time:
     D:2: 988 daAuts
     D:1: 579 daAuts
     D:3: 163 daAuts
